 Dungeon Crawl Stone Soup version 0.30.0-19-g36f170ea60 (webtiles) character file.

Game seed: 17202974973003171924

101 monsoonserge the Blocker (level 4, 0/48 HPs)
             Began as a Gnoll Wanderer on May 29, 2023.
             Slain by a cerulean imp
             ... wielding a +1 spear
             ... summoned by Natasha
              (5 damage)
             ... on level 2 of the Dungeon.
             The game lasted 00:05:31 (1403 turns).

monsoonserge the Blocker (Gnoll Wanderer)           Turns: 1403, Time: 00:05:32

Health: 0/48       AC: 22    Str: 13    XL:     4   Next: 75%
Magic:  6/6        EV:  2    Int:  8    God:
Gold:   90         SH:  8    Dex: 15    Spells: 5/5 levels left

rFire   . . .        t - +0 rapier
rCold   . . .        f - +2 buckler
rNeg    . . .        s - melded +0 robe of Contumacious Curiosity {Fly Int+3 Dex+4 Stlth+}
rPois   +            (helmet currently unavailable)
rElec   .            (cloak currently unavailable)
rCorr   .            (gloves currently unavailable)
SInv    +            c - melded +0 pair of boots
Will    .....        (no amulet)
Stlth   +++          p - ring of see invisible
HPRegen 0.28/turn    (no ring)
MPRegen 0.10/turn

%: no passive effects
@: tree-form
A: stationary, stasis, torment immunity, boosted hp, (fangs 1), strong nose,
distributed training
a: no special abilities


You were on level 2 of the Dungeon.
You were a tree.
You visited 1 branch of the dungeon, and saw 2 of its levels.

You collected 90 gold pieces.

Inventory:

Hand Weapons
 a - a +0 dagger
 t - a +0 rapier (weapon)
Missiles
 i - 42 stones (quivered)
 r - 5 poisoned darts
Armour
 c - a +0 pair of boots (melded)
 e - a +0 leather armour
 f - a +2 buckler (worn)
 s - the +0 robe of Contumacious Curiosity (melded) {Fly Int+3 Dex+4 Stlth+}
   (You found it on level 2 of the Dungeon)

   Int:       It affects your intelligence (+3).
   Dex:       It affects your dexterity (+4).
   Fly:       It grants you flight.
   Stlth:     It makes you more stealthy.
Jewellery
 p - a ring of see invisible (left branch)
Scrolls
 b - a scroll of silence
 k - a scroll of acquirement {unknown}
 l - a scroll of brand weapon {unknown}
 n - a scroll of blinking {unknown}
 q - a scroll of amnesia {unknown}
 u - a scroll of noise {unknown}
 v - a scroll of identify {unknown}
Potions
 d - 3 potions of attraction
 g - a potion of curing
 j - 2 potions of heal wounds
 m - a potion of lignification
 o - a potion of ambrosia {unknown}


   Skills:
 + Level 1.2 Fighting
 + Level 1.2 Short Blades
 + Level 1.2 Long Blades
 + Level 1.2 Axes
 + Level 1.2 Maces & Flails
 + Level 1.2 Polearms
 + Level 1.2 Staves
 + Level 1.2 Ranged Weapons
 + Level 1.2 Throwing
 + Level 1.2 Armour
 + Level 1.2 Dodging
 + Level 6.1 Stealth
 + Level 8.6 Shields
 + Level 4.7 Unarmed Combat
 + Level 1.2 Spellcasting
 + Level 1.0 Conjurations
 + Level 1.0 Hexes
 + Level 1.0 Summonings
 + Level 1.0 Necromancy
 + Level 1.0 Translocations
 + Level 1.0 Transmutations
 + Level 1.0 Fire Magic
 + Level 1.0 Ice Magic
 + Level 1.0 Air Magic
 + Level 1.0 Earth Magic
 + Level 1.0 Poison Magic
 + Level 2.9 Invocations
 + Level 1.2 Evocations


You had 5 spell levels left.
You didn't know any spells.
Your spell library contained the following spells:

 Spells                   Type           Power      Damage    Failure   Level
 Shock                    Conj/Air       8%         1d3       32%         1
 Ensorcelled Hibernation  Hex/Ice        4%         N/A       43%         2
 Spider Form              Tmut/Pois      2%         N/A       67%         3
 Anguish                  Hex/Necr       1%         N/A       97%         4


Dungeon Overview and Level Annotations

Branches:
Dungeon (2/15)

Altars:
Yredelemnul

Annotations:
D:2 Natasha


Innate Abilities, Weirdness & Mutations

You are a tree.
Your roots penetrate the ground, keeping you stationary.
You cannot be teleported.
You are immune to unholy pain and torment.
Your maximum health is greatly increased.
Your equipment is partially melded.
((You have very sharp teeth.))
Your uncanny sense of smell can sniff out nearby items.
Your experience applies equally to all skills.


Message History

You closely miss Natasha.
Natasha is lightly wounded.
Natasha claws you but does no damage. You block the cerulean imp's attack.
The cerulean imp hits you from afar with a +2 spear.
You hit Natasha but do no damage.
Natasha is lightly wounded.
Natasha claws you.
The cerulean imp hits you from afar with a +1 spear.
The cerulean imp hits you from afar with a +2 spear.
You barely miss Natasha.
Natasha is lightly wounded.
Natasha howls an incantation.
You feel troubled. You block Natasha's attack.
The cerulean imp hits you from afar with a +1 spear.
The cerulean imp hits you from afar with a +2 spear.
It was a potion of cancellation.
You feel magically purged. Natasha claws you but does no damage.
The cerulean imp hits you from afar with a +1 spear.
* * * LOW HITPOINT WARNING * * *
The cerulean imp hits you from afar with a +2 spear.
* * * LOW HITPOINT WARNING * * *
It was a potion of lignification.
You turn into a tree.
Your +0 pair of boots melds into your body.
The +0 robe of Contumacious Curiosity {Fly Int+3 Dex+4 Stlth+} melds into your body.
You float gracefully downwards.
Your roots penetrate the ground.
Natasha claws you.
* * * LOW HITPOINT WARNING * * *
The cerulean imp hits you but does no damage.
The cerulean imp barely misses you.
You hit Natasha but do no damage.
Natasha is lightly wounded.
Natasha claws you but does no damage.
The cerulean imp hits you but does no damage.
You block the cerulean imp's attack.
You barely miss Natasha.
Natasha is lightly wounded.
You block Natasha's attack. You block the cerulean imp's attack.
The cerulean imp hits you from afar with a +1 spear.
You die...

#....................... .....
###.....############.### .....
######..#############.### ....
.......................... ...
#######.......###........# .>##
###.........#.###.## ..#
#..5...####.###>##
#.##########h......# #...#..#
##.......##5.♣....#.# ###.....
##†..##............#.#######...
##..P#..^...........#...........
#...#.##...#........#########...
#..#.#..^.......###...#######...
#.#.#.##^..#..#.....#...........
#.#P#.#.^..#.###...###.######...
#.#P#.#_...#..#..#..#..# #...
#.#.#.#.^..##...###...## #...


You could see Natasha and 2 cerulean imps.

Vanquished Creatures
  Natasha (D:2)
  2 adders (D:2)
  7 bats
  4 endoplasms
  5 giant cockroaches
  5 goblins
  4 hobgoblins
  9 jackals (D:1)
  3 quokkas (D:1)
  6 ball pythons
  3 kobolds (D:1)
  A rat (D:1)
50 creatures vanquished.

Notes
Turn   | Place    | Note
-------+----------+-------------------------------------------
     0 | D:1      | monsoonserge the Gnoll Wanderer began the quest for the
                  | Orb.
     0 | D:1      | monsoonserge set off with the following items: a +0 dagger,
                  | a scroll of silence, a +0 pair of boots, a potion of
                  | attraction, a +0 leather armour, a +2 buckler.
     0 | D:1      | Reached XP level 1. HP: 13/13 MP: 2/2
    17 | D:1      | You fall into a shaft and drop 1 floor!
   152 | D:1      | Reached XP level 2. HP: 11/19 MP: 3/3
   402 | D:1      | Reached XP level 3. HP: 25/25 MP: 4/4
   887 | D:1      | Reached skill level 1 in Fighting
   887 | D:1      | Reached skill level 1 in Short Blades
   887 | D:1      | Reached skill level 1 in Long Blades
   887 | D:1      | Reached skill level 1 in Axes
   887 | D:1      | Reached skill level 1 in Maces & Flails
   887 | D:1      | Reached skill level 1 in Polearms
   887 | D:1      | Reached skill level 1 in Staves
   887 | D:1      | Reached skill level 1 in Ranged Weapons
   887 | D:1      | Reached skill level 1 in Throwing
   887 | D:1      | Reached skill level 1 in Armour
   887 | D:1      | Reached skill level 1 in Dodging
   887 | D:1      | Reached skill level 1 in Spellcasting
   887 | D:1      | Reached skill level 1 in Evocations
   988 | D:2      | Found a basalt altar of Yredelemnul.
   993 | D:2      | Identified the +0 robe of Contumacious Curiosity {Fly Int+3
                  | Dex+4 Stlth+}
  1014 | D:2      | Noticed Natasha
  1035 | D:2      | Killed Natasha
  1036 | D:2      | Reached XP level 4. HP: 23/32 MP: 6/6
  1119 | D:2      | Reached skill level 1 in Conjurations
  1119 | D:2      | Reached skill level 1 in Hexes
  1119 | D:2      | Reached skill level 1 in Summonings
  1119 | D:2      | Reached skill level 1 in Necromancy
  1119 | D:2      | Reached skill level 1 in Translocations
  1119 | D:2      | Reached skill level 1 in Transmutations
  1119 | D:2      | Reached skill level 1 in Fire Magic
  1119 | D:2      | Reached skill level 1 in Ice Magic
  1119 | D:2      | Reached skill level 1 in Air Magic
  1119 | D:2      | Reached skill level 1 in Earth Magic
  1119 | D:2      | Reached skill level 1 in Poison Magic
  1125 | D:2      | Found a faded altar of an unknown god.
  1134 | D:2      | Got Plato's Elucidation of the Squall
  1385 | D:2      | Noticed Natasha
  1403 | D:2      | Slain by a cerulean imp

Illustrated notes

Levels and vault maps discovered:
D:1:      shiori_shiawase, layout_basic, minmay_fountain_box
D:2:      layout_rooms, basic_altar, shapermc_ecumenical_altar_rom_forum,
          minmay_strange_pillars, uniq_natasha

Skill      XL: |  1  2  3  4 |
---------------+-------------+-----
Stealth        | 6 |  6.1
Fighting       | 1 |  1.2
Short Blades   | 1 |  1.2
Long Blades    | 1 |  1.2
Axes           | 1 |  1.2
Maces & Flails | 1 |  1.2
Polearms       | 1 |  1.2
Staves         | 1 |  1.2
Ranged Weapons | 1 |  1.2
Throwing       | 1 |  1.2
Armour         | 1 |  1.2
Dodging        | 1 |  1.2
Spellcasting   | 1 |  1.2
Evocations     | 1 |  1.2
Conjurations   | 1 |  1.0
Hexes          | 1 |  1.0
Summonings     | 1 |  1.0
Necromancy     | 1 |  1.0
Translocations | 1 |  1.0
Transmutations | 1 |  1.0
Fire Magic     | 1 |  1.0
Ice Magic      | 1 |  1.0
Air Magic      | 1 |  1.0
Earth Magic    | 1 |  1.0
Poison Magic   | 1 |  1.0
Shields        | |  8.6
Unarmed Combat | |  4.7
Invocations    | |  2.9

Action                     |  1- 3 |  4- 6 || total
---------------------------+-------+-------++-------
  Melee: Unarmed           |   126 |    10 ||   136
         Bite              |    15 |     5 ||    20
         Rapier            |       |    41 ||    41
    Use: Potion            |     2 |     3 ||     5
   Stab: Sleeping          |     7 |     3 ||    10
 Armour: Leather armour    |    41 |       ||    41
         Robe              |     2 |    10 ||    12
         Skin              |       |     3 ||     3
  Dodge: Dodged            |    47 |    28 ||    75
  Block: Buckler           |    59 |    32 ||    91
